 Dungeon Crawl Stone Soup version 0.31-a0-198-g2ad674f65e (webtiles) character file.

Game seed: 393706831935463090

336 qw the Skirmisher (level 6, -4/35 HPs)
             Began as a Deep Elf Hunter on June 25, 2023.
             Slain by a gnoll bouda
             ... wielding a +0 whip
              (9 damage)
             ... on level 4 of the Dungeon.
             The game lasted 00:00:58 (2981 turns).

qw the Skirmisher (Deep Elf Hunter)                 Turns: 2981, Time: 00:00:59

Health: -4/35      AC:  6    Str: 10    XL:     6   Next: 28%
Magic:  8/8        EV: 11    Int: 14    God:
Gold:   103        SH:  0    Dex: 18    Spells: 5/5 levels left

rFire   . . .        Y - +1 shortbow
rCold   . . .        (shield currently unavailable)
rNeg    . . .        d - +0 ring mail
rPois   .            i - +0 helmet
rElec   .            (no cloak)
rCorr   .            (no gloves)
SInv    .            (no boots)
Will    .....        m - amulet of faith
Stlth   +            n - +4 ring of slaying {mikee}
HPRegen 0.25/turn    (no ring)
MPRegen 0.11/turn

%: faith
@: lethally poisoned (-4 -> -16)
A: no striking features
a: no special abilities


You were on level 4 of the Dungeon.
You visited 1 branch of the dungeon, and saw 4 of its levels.

You collected 178 gold pieces.
You spent 75 gold pieces at shops.


   Skills:
 - Level 2.3 Fighting
 + Level 9.6 Ranged Weapons
 - Level 2.4 Dodging
 - Level 1.2 Stealth


You had 5 spell levels left.
You didn't know any spells.
Your spell library was empty.

Inventory:

Hand Weapons
 Y - a +1 shortbow (weapon)
Armour
 d - a +0 ring mail (worn)
 i - a +0 helmet (worn)
 k - a +0 leather armour of poison resistance
Jewellery
 g - an amulet of reflection
 m - an amulet of faith (around neck)
 n - a +4 ring of slaying (left hand) {mikee}
Scrolls
 a - 3 scrolls of identify
Potions
 b - a potion of curing {unknown}
 c - a potion of invisibility {unknown}
 e - a potion of cancellation
 f - a potion of lignification {unknown}
 h - a potion of attraction {unknown}
 j - a potion of enlightenment {unknown}

Dungeon Overview and Level Annotations

Branches:
Dungeon (4/15)
 Temple: D:4-7

Altars:
Trog
Zin

Shops:
D:2 ?

Annotations:
D:3 1 runed translucent door, qw's ghost, amateur DEHu
D:4 Duvessa


Message History

You now have 103 gold pieces (gained 4).
A scorpion comes into view.
Enter note: You shoot an arrow.
The arrow hits the scorpion!
The scorpion is almost dead.
You hear a shout! x2
A hobgoblin comes into view.
You hear a shout! x2
You shoot an arrow. The arrow hits the hobgoblin.
You kill the hobgoblin!
You shoot an arrow.
The arrow hits the scorpion but does no damage.
The scorpion is severely wounded.
The scorpion stings you.
You are poisoned.
The scorpion poisons you!
You shoot an arrow.
The arrow hits the scorpion but does no damage.
The scorpion is severely wounded.
You feel sick.
You hear a shout!
The scorpion stings you.
You are more poisoned.
The scorpion poisons you! The scorpion stings you.
You are lethally poisoned!
The scorpion poisons you!
You shoot an arrow. The arrow hits the scorpion!
You kill the scorpion!
You feel very sick.
A gnoll bouda comes into view. It is wielding a +0 whip.
Duvessa, Sister of Dowan comes into view.
She is wielding a +0 short sword.
Your Fighting skill increases to level 2!
You shoot an arrow. The arrow hits the gnoll bouda!
The gnoll bouda is heavily wounded.
You feel very sick.
You shoot an arrow.
The arrow barely misses the gnoll bouda.
You feel very sick.
The gnoll bouda hits you with a +0 whip!
You die...

......#...#.#.#.........
###.###. #.###.##..#####
#.. .# #.:#...#.##
...###.##..#.##.#
#..#..)####...#
#[.###....#..#
##.#.#.####.)#
#g..#......#
##@####.#### ##!....#
.....# ..e### ##.# .. #.
.#


You could see Duvessa and a gnoll bouda.

Vanquished Creatures
  A black bear (D:4)
  A scorpion (D:4)
  Ijyb (D:4)
  2 orc wizards (D:3)
  4 adders
  A worm (D:3)
  A dart slug (D:2)
  8 orcs (D:3)
  A ball python (D:4)
  6 endoplasms
  3 giant cockroaches
  9 goblins
  5 hobgoblins
  A jackal (D:4)
  3 kobolds
  6 quokkas
  4 bats
  5 rats
62 creatures vanquished.

Notes
Turn   | Place    | Note
-------+----------+-------------------------------------------
     0 | D:1      | qw the Deep Elf Hunter began the quest for the Orb.
     0 | D:1      | Reached XP level 1. HP: 12/12 MP: 3/3
     0 | D:1      | 0 ||| qw: Version: 0.3-a-22-g0ed2b0b
     0 | D:1      | 0 ||| qw: Game counter: 5411
     0 | D:1      | 0 ||| qw: Melee chars always use a shield: true
     0 | D:1      | 0 ||| qw: God list: Okawaru
     0 | D:1      | 0 ||| qw: Allow faded altars: false
     0 | D:1      | 0 ||| qw: Do Orc after clearing Dungeon:15 true
     0 | D:1      | 0 ||| qw: Do second Lair branch before Depths: true
     0 | D:1      | 0 ||| qw: Lair rune preference: random
     0 | D:1      | 0 ||| qw: Goals: Normal
     0 | D:1      | 0 ||| PLANNING D:1-11
   460 | D:1      | Reached XP level 2. HP: 16/16 MP: 4/4
   662 | D:1      | Reached skill level 6 in Ranged Weapons
   873 | D:1      | 873 ||| UPGRADING to +0 ring mail.
   883 | D:1      | 883 ||| DROPPING +0 leather armour.
   884 | D:1      | 884 ||| READING 2 scrolls labelled YBEIDD BUWEEGH.
   885 | D:1      | 885 ||| READING scroll labelled FUIMOGI ULUE.
   886 | D:1      | 886 ||| READING scroll labelled MALAACK OVOS.
   887 | D:1      | 887 ||| READING scroll labelled ZAOCOTREFF.
   888 | D:1      | 888 ||| DROPPING scroll of butterflies.
  1237 | D:2      | Reached XP level 3. HP: 11/20 MP: 5/5
  1336 | D:2      | Found a faded altar of an unknown god.
  1385 | D:2      | Reached skill level 7 in Ranged Weapons
  1553 | D:2      | Found Koegut's Magic Scroll Shop.
  1558 | D:2      | 1558 ||| BUYING scroll of enchant weapon (75 gold).
  1558 | D:2      | Bought a scroll of enchant weapon for 75 gold pieces
  1558 | D:2      | 1558 ||| SHOPLISTING scroll of identify (20 gold, have 14).
  1558 | D:2      | 1558 ||| SHOPLISTING scroll of teleportation (30 gold, have
                  | 14).
  1558 | D:2      | 1558 ||| READING scroll of enchant weapon.
  1558 | D:2      | 1558 ||| ENCHANTING +0 shortbow.
  1620 | D:2      | 1620 ||| UPGRADING to +0 helmet.
  1625 | D:2      | 1625 ||| UPGRADING to amulet of reflection.
  1630 | D:2      | 1630 ||| READING scroll labelled XISHIH EVELACH.
  1631 | D:2      | 1631 ||| READING scroll labelled WOIJOY YJUARE.
  1850 | D:3      | Reached XP level 4. HP: 22/25 MP: 6/6
  2124 | D:3      | Reached skill level 8 in Ranged Weapons
  2209 | D:3      | Reached XP level 5. HP: 26/29 MP: 7/7
  2312 | D:3      | Found a runed translucent door.
  2317 | D:3      | Noticed qw's ghost (amateur DEHu)
  2408 | D:3      | Found a glowing silver altar of Zin.
  2408 | D:3      | Found a bloodstained altar of Trog.
  2550 | D:3      | 2550 ||| UPGRADING to amulet of faith.
  2560 | D:3      | 2560 ||| UPGRADING to +4 ring of slaying {mikee}.
  2561 | D:3      | 2561 ||| READING scroll labelled XEMAEGUKIT.
  2562 | D:3      | 2562 ||| READING scroll labelled OSHRUG ODARCHIARCH.
  2610 | D:3      | 2610 ||| READING scroll labelled AFONUFA WAGOU.
  2611 | D:3      | 2611 ||| DRINKING 2 black potions.
  2613 | D:3      | 2613 ||| Stepping ~*~*~tactically~*~*~ (cloud).
  2620 | D:3      | HP: 7/29 [poisoned by you (poison gas)]
  2847 | D:4      | Noticed Ijyb
  2855 | D:4      | Killed Ijyb
  2919 | D:4      | Noticed a black bear
  2924 | D:4      | Killed a black bear
  2925 | D:4      | Reached skill level 9 in Ranged Weapons
  2925 | D:4      | Reached XP level 6. HP: 34/34 MP: 8/8
  2979 | D:4      | Noticed Duvessa
  2981 | D:4      | HP: 5/35 [poisoned by a scorpion]
  2981 | D:4      | Slain by a gnoll bouda

Levels and vault maps discovered:
D:1:      kilobyte_arrival_exit_the_forest, layout_basic, minmay_misc_feat_rows
D:2:      layout_loops_ring, dreamdust_ecumenical_altar_grove, serial_shops,
          shop
D:3:      layout_loops_cross, gammafunk_temple_overflow_elements,
          ebering_ghost_reflecting_pool
D:4:      layout_loops_ring, nicolae_hepliaklqana_ecumenical_no_more,
          minmay_pentomino_pile, uniq_ijyb, uniq_duvessa

Skill      XL: |  1  2  3  4  5  6 |
---------------+-------------------+-----
Ranged Weapons | 6 7 8 9 |  9.6
Fighting       | 2 |  2.3
Dodging        | |  2.4
Stealth        | |  1.2

Action                     |  1- 3 |  4- 6 || total
---------------------------+-------+-------++-------
   Fire: Shortbow          |    98 |   108 ||   206
    Use: Scroll            |     7 |     3 ||    10
         Potion            |       |     1 ||     1
 Armour: Ring mail         |    28 |    23 ||    51
  Dodge: Dodged            |    23 |    11 ||    34
  Block: Other             |     1 |     3 ||     4

Table legend:
 A = Non-vault XP
 B = Vault XP
 C = Vault XP percentage of total XP
 D = Non-vault monster count
 E = Vault monster count
 F = Vault count percentage of total count
                 A         B        C        D         E       F
            +---------+---------+-------+---------+---------+-------
      Total |     437 |      43 |   9.0 |      57 |       5 |   8.1
            +---------+---------+-------+---------+---------+-------
        D:1 |      14 |       0 |   0.0 |       8 |       0 |   0.0
        D:2 |      60 |       0 |   0.0 |      19 |       0 |   0.0
        D:3 |     145 |       0 |   0.0 |      24 |       0 |   0.0
        D:4 |     218 |      43 |  16.5 |       6 |       5 |  45.5
            +---------+---------+-------+---------+---------+-------
